 Dungeon Crawl Stone Soup version 0.19-a0-526-gbe2e51c (webtiles) character file.

32 epen the Charmwright (level 3, -1/28 HPs)
             Began as a Formicid Skald on June 7, 2016.
             Slain by Natasha (8 damage)
             ... on level 2 of the Dungeon.
             The game lasted 00:01:15 (898 turns).

epen the Charmwright (Formicid Skald)                Turns: 898, Time: 00:01:16

Health: -1/28      AC:  3    Str: 13    XL:     3   Next: 42%
Magic:  0/6        EV: 11    Int: 11    God:
Gold:   65         SH:  0    Dex: 11    Spells: 3 memorised, 1 level left

rFire  . . .     SeeInvis +     a - +0 spear
rCold  . . .     Gourm    .     b - +0 leather armour
rNeg   . . .     Faith    .     (no shield)
rPois  .         Spirit   .     (helmet unavailable)
rElec  .         Dismiss  .     (no cloak)
rCorr  .         Reflect  .     (no gloves)
SustAt .         Harm     .     (no boots)
MR     .....                    (no amulet)
Stlth  +.........               (no ring)
                                j - -3 ring of strength (curse)

@: very slightly contaminated, not resistant to hostile enchantments, very
unstealthy
A: permanent stasis, dig shafts and tunnels, four strong arms, antennae 3
a: Dig, Shaft Self


You were on level 2 of the Dungeon.
You were not hungry.

You visited 1 branch of the dungeon, and saw 2 of its levels.

You collected 65 gold pieces.

Inventory:

Hand Weapons
 a - a +0 spear (weapon)
Armour
 b - a +0 leather armour (worn)
Jewellery
 j - a cursed -3 ring of strength (left hand)
Scrolls
 e - a scroll of recharging {unknown}
 h - a scroll of fear {unknown}
 i - a scroll of immolation {unknown}
 k - a scroll of remove curse {unknown}
 l - a scroll of noise {unknown}
Potions
 f - a potion of degeneration {unknown}
Books
 c - a book of Battle

   Spells                             Type                      Level
   a - Infusion                       Charms                       1
   b - Shroud of Golubria             Charms/Translocation         2
   c - Song of Slaying                Charms                       2
   d - Spectral Weapon                Hexes/Charms                 3
   e - Regeneration                   Charms/Necromancy            3
Comestibles
 d - a bread ration
 g - a slice of pizza


   Skills:
 + Level 2.4 Fighting
 * Level 2.4 Polearms
 + Level 1.3 Armour
 + Level 1.3 Dodging
 + Level 2.5 Spellcasting
 * Level 3.2 Charms


You had one spell level left.
You knew the following spells:

 Your Spells              Type           Power        Failure   Level  Hunger
a - Infusion              Chrm           #...         12%         1    ##.....
b - Song of Slaying       Chrm           #.......     17%         2    ###....
c - Spectral Weapon       Hex/Chrm       #.......     63%         3    ####...


Dungeon Overview and Level Annotations

Branches:
Dungeon (2/15)

Altars:

Annotations:
D:2 Natasha


Innate Abilities, Weirdness & Mutations

You are under a permanent stasis effect.
You can dig through walls and to a lower floor.
Your four strong arms can wield two-handed weapons with a shield.
You have a pair of large antennae on your head. (SInv)


Message History

You barely miss Natasha.
Natasha stares at you and mumbles some strange words.
The magic dart hits you!
You barely miss Natasha.
The white imp hits you but does no damage.
The kobold closely misses you.
Natasha stares at you and mumbles some strange words.
The magic dart hits you!
You hit Natasha.
Natasha is lightly wounded.
The white imp hits you but does no damage.
The kobold hits you with a dagger.
* * * LOW HITPOINT WARNING * * *
Natasha barely misses you.
You miss Natasha.
Natasha is lightly wounded.
The white imp closely misses you. The kobold hits you with a dagger.
* * * LOW HITPOINT WARNING * * *
Natasha claws you!
You die...

.......#. .####....... .
...........##. .............
. ...........##.. #..#
#........... #..#
#....hK.#.##.. #+#..####
#..@....... ........#
#.5..#.###. ........#
#....#.# ........# #....#.#
........######.#..#.#####
...<.....................
#.#...............#.#####
#.#..######.##.#....#.### ..
#...........##.#........##..#


You could see Natasha, a white imp and a kobold.

Vanquished Creatures
  A gnoll (D:1)
  2 dart slugs (D:1)
  2 giant cockroaches
  2 goblins (D:1)
  2 hobgoblins (D:1)
  3 kobolds
  2 ball pythons (D:1)
  A bat (D:1)
  2 rats (D:1)
17 creatures vanquished.

Notes
Turn   | Place    | Note
--------------------------------------------------------------
     0 | D:1      | epen the Formicid Skald began the quest for the Orb.
     0 | D:1      | Reached XP level 1. HP: 16/16 MP: 3/3
   137 | D:1      | Reached XP level 2. HP: 19/22 MP: 5/5
   155 | D:1      | Reached skill level 1 in Dodging
   297 | D:1      | Learned a level 2 spell: Song of Slaying
   407 | D:1      | Reached XP level 3. HP: 17/27 MP: 6/6
   412 | D:1      | Learned a level 3 spell: Spectral Weapon
   890 | D:2      | Noticed Natasha
   898 | D:2      | Slain by Natasha

Vault maps used:
D:1:      dpeg_arrival_arbitrary_b, st_stairs_1
D:2:      uniq_natasha

Skill      XL: |  1  2 |
---------------+-------+-----
Dodging        | 1 |  1.3
Fighting       | |  2.4
Polearms       | |  2.4
Armour         | |  1.3
Spellcasting   | |  2.5
Charms         | |  3.2

Action                   || total
-------------------------++-------
Melee: Spear             ||    72
 Cast: Infusion          ||     1
Armor: Leather armour    ||    12
Dodge: Dodged            ||    30
